Map: Cosmic Sapphire

Players

A.I. 1 (Very Easy) - Winner!

  • Race: Terran Terran
  • Spawn Location: 5:00

flashandfoul

  • Race: Protoss Protoss
  • League: Diamond
  • Spawn Location: 11:00

VOD

Have the link to the VOD?

Description

I saw this build posted, but it didn't have SALT, so I made a replay so a build order encoding would be available.

This is based off of PiG's Protoss B2GM Diamond 2 Game 4.
Blink and +1 could probably be researched earlier, but otherwise it's pretty close.

Time

  • Played on: Oct. 24, 2022, 7:23 p.m.
  • Length: 7:24
Show
View Real Time Build Order
Export as new Build Order

A.I. 1 (Very Easy) Terran - Winner!

Build Orders:  

Get SALT Encoding   

  6  0:00  SCV  
  13  0:13  SCV  
  14  0:18  Supply Depot  
  14  0:37  Refinery  
  14  0:42  Barracks  
  14  1:05  Supply Depot  
  14  1:11  Refinery  
  14  1:29  SCV  
  14  1:30  Marine  
  16  1:41  SCV  
  17  1:53  SCV  
  18  2:00  Marine  
  19  2:05  SCV  
  20  2:18  SCV  
  21  2:30  SCV, Marine  
  23  2:42  Orbital Command  
  23  4:15  Marine  
  23  5:37  SCV  
  23  5:38  Marine  
  23  5:39  Supply Depot  
  23  5:41  Factory  
  25  6:01  SCV  
  25  6:03  Supply Depot  
  26  6:11  Barracks Tech Lab  
  26  6:13  SCV  
  25  6:25  SCV  
  25  6:27  Starport  
  25  6:29  Marine  
  26  6:37  SCV  
  26  6:49  SCV, Command Center  
  27  7:02  Marine  
  27  7:04  Starport Tech Lab  
Show
View Real Time Build Order
Export as new Build Order

flashandfoul Protoss 

Build Orders: 1 Gate Expand 

Get SALT Encoding   

  6  0:00  Probe  
  13  0:12  Probe  
  14  0:16  Pylon  
  14  0:24  Probe (Chrono Boost)  
  15  0:35  Gateway  
  15  0:36  Probe (Chrono Boost)  
  16  0:44  Probe (Chrono Boost)  
  16  0:45  Assimilator  
  17  0:51  Probe  
  18  1:03  Probe  
  19  1:15  Probe  
  20  1:22  Nexus  
  20  1:31  Cybernetics Core  
  20  1:34  Probe  
  20  1:39  Assimilator  
  20  1:46  Probe  
  22  1:48  Pylon  
  22  1:58  Probe  
  23  2:05  Adept (Chrono Boost)  
  23  2:08  Warp Gate  
  25  2:10  Probe  
  26  2:21  Robotics Facility  
  27  2:22  Probe  
  27  2:32  Stalker (Chrono Boost)  
  27  2:35  Probe (Chrono Boost)  
  31  2:40  Probe (Chrono Boost)  
  32  2:45  Probe (Chrono Boost)  
  32  2:49  Probe (Chrono Boost)  
  32  2:50  Probe (Chrono Boost)  
  33  2:54  Stalker (Chrono Boost)  
  36  2:59  Probe  
  36  3:01  Probe  
  36  3:04  Gateway  
  38  3:09  Gateway  
  38  3:12  Probe  
  39  3:13  Probe  
  39  3:19  Robotics Bay  
  40  3:23  Observer  
  40  3:24  Probe  
  42  3:29  Probe, Pylon  
  43  3:36  Probe  
  43  3:37  Assimilator  
  43  3:39  Assimilator  
  43  3:41  Probe  
  45  3:48  Probe  
  45  3:52  Pylon  
  45  3:53  Probe  
  47  4:00  Probe, Shield Battery  
  48  4:04  Stalker  
  48  4:05  Probe  
  48  4:07  Stalker  
  53  4:12  Warp Prism (Chrono Boost)  
  53  4:13  Probe  
  56  4:17  Probe  
  56  4:18  Gravitic Drive  
  55  4:24  Pylon  
  55  4:25  Probe  
  55  4:29  Probe  
  57  4:37  Probe  
  58  4:39  Pylon  
  58  4:40  Disruptor (Chrono Boost)  
  58  4:41  Probe  
  62  4:49  Probe  
  63  4:53  Probe  
  63  4:57  Nexus  
  64  5:00  Pylon  
  64  5:01  Probe  
  64  5:05  Probe  
  66  5:13  Probe, Disruptor (Chrono Boost)  
  70  5:18  Probe  
  71  5:22  Pylon  
  71  5:23  Stalker x2  
  71  5:25  Probe  
  71  5:27  Pylon  
  76  5:30  Probe  
  76  5:34  Twilight Council  
  77  5:36  Forge  
  77  5:37  Probe  
  77  5:39  Shield Battery  
  77  5:42  Observer, Probe  
  80  5:47  Stalker  
  80  5:49  Probe  
  83  5:54  Probe, Gateway  
  83  5:56  Gateway  
  84  6:01  Probe, Gateway  
  85  6:05  Observer  
  85  6:10  Stalker x2  
  90  6:13  Probe x2  
  90  6:14  Probe  
  90  6:16  Assimilator  
  93  6:21  Assimilator  
  93  6:23  Pylon  
  93  6:25  Probe x2  
  95  6:30  Pylon  
  95  6:33  Disruptor  
  95  6:37  Stalker  
  95  6:38  Probe  
  95  6:39  Probe x2  
  103  6:50  Probe  
  103  6:51  Probe  
  105  6:56  Nexus  
  105  6:59  Pylon  
  105  7:02  Probe, Pylon  
  105  7:04  Assimilator  
  105  7:06  Probe x2  
  108  7:08  Assimilator  
  108  7:09  Robotics Facility  
  108  7:17  Gateway x2  
  108  7:20  Gateway  
  108  7:22  Gateway  
Tags
 
Add a new tag
Caveats
  • Supply blocks, unpowered buildings, or Contaminate may cause inaccurate times.
  • Supply counts are checked every 10 seconds.